 Dungeon Crawl Stone Soup version 0.29-a0-775-g4d7333d4e2 (webtiles) character file.

Game seed: 5608337019566272163

75 happo123 the Shooter (level 4, 0/38 HPs)
             Began as a Minotaur Hunter on July 2, 2022.
             Was an Initiate of Okawaru.
             Slain by a gnoll
             ... wielding a +0 short sword
              (5 damage)
             ... on level 3 of the Dungeon.
             The game lasted 00:09:51 (1492 turns).

happo123 the Shooter (Minotaur Hunter)              Turns: 1492, Time: 00:09:52

Health: 0/38       AC:  3    Str: 16    XL:     4   Next: 11%
Magic:  3/3        EV: 12    Int:  6    God:    Okawaru [......]
Gold:   110        SH:  0    Dex: 15    Spells: 3/3 levels left

rFire   . . .      SeeInvis .   a - +0 shortbow
rCold   . . .      Faith    .   (shield currently unavailable)
rNeg    . . .      Spirit   .   c - +0 leather armour
rPois   .          Reflect  .   (helmet restricted)
rElec   .          Harm     .   (no cloak)
rCorr   .          Rampage  .   (no gloves)
Will    .....                   (no boots)
Stlth   ++........              d - amulet of regeneration
HPRegen 0.92/turn               (no ring)
MPRegen 0.08/turn               (no ring)

@: no status effects
A: horns 2, retaliatory headbutt
a: Renounce Religion


You were on level 3 of the Dungeon.
You worshipped Okawaru.
Okawaru was noncommittal.
You visited 1 branch of the dungeon, and saw 3 of its levels.

You collected 110 gold pieces.

Inventory:

Hand Weapons
 a - a +0 shortbow (weapon)
Armour
 c - a +0 leather armour (worn)
Jewellery
 d - an amulet of regeneration (around neck)
Scrolls
 b - a scroll of immolation
 e - 6 scrolls of identify {unknown}
 h - 3 scrolls of fear {unknown}
 i - a scroll of fog {unknown}
 j - a scroll of acquirement {unknown}
 l - 2 scrolls of enchant armour {unknown}
 m - a scroll of noise {unknown}
Potions
 f - 2 potions of ambrosia {unknown}
 g - 2 potions of invisibility {unknown}
 k - a potion of heal wounds {unknown}
 n - a potion of flight {unknown}


   Skills:
 * Level 3.3 Fighting
 * Level 5.0 Ranged Weapons
 + Level 1.4 Armour
 + Level 2.6 Dodging
 + Level 1.5 Stealth


You had 3 spell levels left.
You didn't know any spells.
Your spell library contained the following spells:

 Spells                   Type           Power      Damage    Failure   Level
 Ensorcelled Hibernation  Hex/Ice        0%         N/A       67%         2
 Passwall                 Tmut/Erth      0%         N/A       67%         2
 Swiftness                Air            0%         N/A       88%         3


Dungeon Overview and Level Annotations

Branches:
Dungeon (3/15)

Altars:
Okawaru


Innate Abilities, Weirdness & Mutations

You have a pair of horns on your head.
You reflexively headbutt those who attack you in melee.


Message History

Fire: a) +0 shortbow
Press: ? - help, Q - select action Shift-Dir - straight line, f/p - gnoll
Aim: a gnoll, wielding a +0 whip (severely wounded)
You shoot an arrow.
The arrow hits the gnoll but does no damage.
The gnoll is severely wounded.
The gnoll hits you with a +0 whip. The gnoll closely misses you.
Unknown command.
Fire: a) +0 shortbow
Press: ? - help, Q - select action Shift-Dir - straight line, f/p - gnoll
Aim: a gnoll, wielding a +0 whip (severely wounded)
You shoot an arrow. The arrow hits the gnoll.
You kill the gnoll!
Okawaru accepts your kill.
The gnoll hits you with a +0 short sword.
* * * LOW HITPOINT WARNING * * *
The gnoll hits you but does no damage.
You have reached level 4!
You feel stronger.
Fire: a) +0 shortbow
Press: ? - help, Q - select action Shift-Dir - straight line, f - gnoll
Aim: a gnoll, wielding a +0 short sword and quivering a throwing net (heavily wounded)
You shoot an arrow. The arrow hits the gnoll.
The gnoll is heavily wounded.
The gnoll hits you with a +0 short sword.
* * * LOW HITPOINT WARNING * * *
Fire: a) +0 shortbow
Press: ? - help, Q - select action Shift-Dir - straight line, f/p - gnoll
Aim: a gnoll, wielding a +0 short sword and quivering a throwing net (heavily wounded)
You shoot an arrow. The arrow closely misses the gnoll.
The gnoll hits you with a +0 short sword!
* * * LOW HITPOINT WARNING * * *
Unknown command.
Fire: a) +0 shortbow
Press: ? - help, Q - select action Shift-Dir - straight line, f/p - gnoll
Aim: a gnoll, wielding a +0 short sword and quivering a throwing net (heavily wounded)
You shoot an arrow. The arrow hits the gnoll.
The gnoll is severely wounded.
The gnoll hits you with a +0 short sword.
You die...

###......<# ..
....##...# ...
###.###...######...
####.........#........
)##.................$...
....#....##.............
##..........≈≈⌠≈⌠≈⌠.#...
.......=....≈...[P≈.....
......)@....≈P###.⌠..###
......g.....≈.# .≈..#
###.........≈.# .⌠.##
#.....^...⌠.# .≈.#
#.........⌠?P. .⌠.#
#.........†⌠≈≈≈⌠P.#
....................
.##........####
..........


You could see a gnoll.

Vanquished Creatures
  2 gnolls (D:3)
  An adder (D:2)
  A worm (D:2)
  2 dart slugs (D:1)
  4 ball pythons
  3 bats (D:1)
  2 endoplasms (D:2)
  A giant cockroach (D:2)
  7 goblins
  4 hobgoblins
  A quokka (D:3)
  2 frilled lizards
  3 kobolds
  5 rats
38 creatures vanquished.

Notes
Turn   | Place    | Note
-------+----------+-------------------------------------------
     0 | D:1      | happo123 the Minotaur Hunter began the quest for the Orb.
     0 | D:1      | Reached XP level 1. HP: 18/18 MP: 0/0
   112 | D:1      | Reached skill level 1 in Stealth
   238 | D:1      | Reached XP level 2. HP: 25/25 MP: 1/1
   857 | D:2      | Reached XP level 3. HP: 30/30 MP: 2/2
   888 | D:2      | Reached skill level 1 in Armour
   933 | D:2      | Found an iron altar of Okawaru.
   941 | D:2      | Became a worshipper of Warmaster Okawaru
  1483 | D:3      | Reached skill level 5 in Ranged Weapons
  1490 | D:3      | Reached XP level 4. HP: 10/38 MP: 3/3
  1492 | D:3      | Slain by a gnoll

Illustrated notes

Levels and vault maps discovered:
D:1:      lightli_arrival_quake, layout_loops_corners
D:2:      layout_loops_ring, basic_altar
D:3:      layout_rooms, mainiacjoe_overflow_paths,
          shapermc_ecumenical_altar_acropolis, uniq_ijyb

Skill      XL: |  1  2  3 |
---------------+----------+-----
Stealth        | 1 |  1.5
Fighting       | 3 |  3.3
Armour         | 1 |  1.4
Ranged Weapons | 5 |  5.0
Dodging        | |  2.6

Action                   |  1- 3 |  4- 6 || total
-------------------------+-------+-------++-------
 Fire: Shortbow          |   101 |     3 ||   104
Armor: Leather armour    |    12 |       ||    12
Dodge: Dodged            |    40 |       ||    40

Table legend: (Time is in decaauts)
 A = Elapsed time spent in this place.
 B = Non-inter-level travel time spent in this place.
 C = Inter-level travel time spent in this place.
 D = Time resting spent in this place.
 E = Time spent auto-exploring this place.
 F = Levels seen in this place.
 G = Mean time per level.
                   A        B        C        D        E       F      G
               +--------+--------+--------+--------+--------+-----+--------+
         Total |   1521 |   1409 |    112 |      0 |   1191 |   3 |  507.0 |
       Dungeon |   1521 |   1409 |    112 |      0 |   1191 |   3 |  507.0 |
               +--------+--------+--------+--------+--------+-----+--------+

Top non-repeatable levels by time:
     D:1: 834 daAuts
     D:2: 638 daAuts
     D:3: 48 daAuts
